 Dungeon Crawl Stone Soup version 0.26-a0-712-ga5a9c9c9d0 (webtiles) character file.

Game seed: 17706414431111282386

200 kae the Insei (level 5, 0/29 HPs)
             Began as a Tengu Transmuter on Nov 13, 2020.
             Slain by a phantom (6 damage)
             ... on level 4 of the Dungeon.
             The game lasted 00:03:19 (5064 turns).

kae the Insei (Tengu Transmuter)                    Turns: 5064, Time: 00:03:19

Health: 0/29       AC:  3    Str:  9 (11) XL:     5   Next: 79%
Magic:  18/18      EV: 15    Int: 10 (13) God:
Gold:   58         SH:  0    Dex: 12 (15) Spells: 4/8 levels left

rFire    . . .     SeeInvis .     - Unarmed
rCold    . . .     Faith    .   (no shield)
rNeg     . . .     Spirit   .   a - +0 robe
rPois    .         Reflect  .   (helmet currently unavailable)
rElec    .         Harm     .   f - +0 cloak
rCorr    .         Rampage  .   (no gloves)
MR       .....                  (boots unavailable)
Stlth    +.........             (no amulet)
HPRegen  0.09/turn              e - ring of magical power
MPRegen  0.16/turn              (no ring)

@: brilliant, appendages (expiring), stab, flying quickly and evasively, quick
A: beak, horns 2, talons 3, able to fly
a: Stop Flying, End Transformation


You were on level 4 of the Dungeon.
You had grown temporary horns.
You visited 1 branch of the dungeon, and saw 4 of its levels.

You collected 149 gold pieces.
You spent 91 gold pieces at shops.

Inventory:

Armour
 a - a +0 robe (worn)
 f - a +0 cloak (worn)
Jewellery
 e - a ring of magical power (left hand)
Scrolls
 h - 4 scrolls of remove curse
 k - a scroll of teleportation
 m - a scroll of amnesia
 r - a scroll of enchant armour {unknown}
Potions
 i - a potion of brilliance
 j - a potion of invisibility {unknown}
 l - a potion of lignification {unknown}
 n - a potion of mutation {unknown}
 o - a potion of cancellation {unknown}
 p - a potion of might {unknown}
 q - a potion of curing {unknown}


   Skills:
 - Level 1.0 Fighting
 - Level 2.1 Dodging
 + Level 4.6 Unarmed Combat
 - Level 2.0 Spellcasting
 * Level 3.8 Transmutations
 * Level 1.2 Poison Magic


You had 4 spell levels left.
You knew the following spells:

 Your Spells              Type           Power        Failure   Level
a - Beastly Appendage     Tmut           ##....       6%          1
b - Spider Form           Tmut/Pois      #.........   32%         3

Your spell library contained the following spells:

 Spells                   Type           Power        Failure   Level
 Wereblood                Tmut           ##......     10%         2
 Animate Skeleton         Necr           #.....       30%         1
 Apportation              Tloc           #.....       30%         1
 Corona                   Hex            #......      30%         1
 Magic Dart               Conj           #...         30%         1
 Summon Small Mammal      Summ           #...         30%         1
 Searing Ray              Conj           #.....       43%         2
 Dazzling Flash           Conj/Hex       #.....       67%         3
 Ice Form                 Ice/Tmut       #.......     80%         4
 Fulminant Prism          Conj/Hex       #.........   97%         4
 Iskenderun's Mystic Bla  Conj/Tloc      #.......     97%         4
 Blade Hands              Tmut           ##........   87%         5


Dungeon Overview and Level Annotations

Branches:
Dungeon (4/15)
 Temple: D:4-7

Altars:
The Shining One

Shops:
D:4 *}[}:

Annotations:
D:2 1 runed translucent door, Crazy Yiuf
D:3 2 transporters, ipx's ghost, weakling DEEE


Innate Abilities, Weirdness & Mutations

You have a beak for a mouth.
You have claws for feet.
You can fly continuously.
You have a pair of horns on your head.


Message History

The phantom hits you.
* * * LOW HITPOINT WARNING * * *
You barely miss the phantom. You claw the phantom.
The phantom is severely damaged.
Your transformation is almost over.
The phantom closely misses you.
You feel more buoyant.
The phantom blinks!
It was a potion of degeneration.
There was something very wrong with that liquid.
You feel weakened.
You feel dopey.
You feel clumsy.
It was a potion of stabbing.
You feel ready to backstab. The phantom closely misses you.
It was a potion of magic.
Magic courses through your body. The phantom barely misses you.
It was a potion of brilliance.
You feel clever all of a sudden. The phantom hits you.
You die...

...# #..# #.....# ...# #.##
##..### ..## ##.# ##### #####.
..# #..# ###..<## #.. .## ####.##
##......## ##.. .# ####.....##
##........## ##...
####....###..###......^...###....
#....#### ##..#......)...###....#
..#### ##...@........##...### ###
#..W.........#...## #
#.........>.#..###
#.............## #...........###
#..........## #.........##
##.......## ###...#.#


You could see a phantom.

Vanquished Creatures
  A quasit (D:3)
  A gnoll (D:1)
  7 adders
  3 oozes (D:1)
  An adder zombie (D:4)
  3 worms (D:2)
  4 dart slugs
  A leopard gecko (D:2)
  6 orcs
  7 bats
  A giant cockroach (D:3)
  7 goblins
  7 hobgoblins
  A quokka (D:3)
  4 frilled lizards
  8 kobolds
  4 rats
66 creatures vanquished.

Notes
Turn   | Place    | Note
-------+----------+-------------------------------------------
     0 | D:1      | kae the Tengu Transmuter began the quest for the Orb.
     0 | D:1      | Reached XP level 1. HP: 12/12 MP: 4/4
   318 | D:1      | Reached XP level 2. HP: 16/16 MP: 4/6
   809 | D:1      | Reached XP level 3. HP: 20/20 MP: 7/7
   814 | D:1      | Learned a level 3 spell: Spider Form
  1863 | D:2      | Reached skill level 4 in Unarmed Combat
  1863 | D:2      | Reached XP level 4. HP: 10/25 MP: 6/8
  2698 | D:2      | Found a glowing golden altar of the Shining One.
  3011 | D:2      | Found a runed translucent door.
  3012 | D:2      | Noticed Crazy Yiuf
  3101 | D:2      | Gained mutation: You can fly continuously. [Tengu growth]
  3101 | D:2      | Reached XP level 5. HP: 29/29 MP: 7/9
  3962 | D:3      | Reached skill level 1 in Poison Magic
  4052 | D:3      | Noticed ipx's ghost (weakling DEEE)
  4057 | D:3      | Found a transporter.
  4178 | D:3      | Found a transporter.
  4496 | D:4      | Found Viatt's Book Emporium.
  4574 | D:4      | Found Baarr's Gadget Boutique.
  4607 | D:4      | Found Roun Sia's Armour Boutique.
  4711 | D:4      | Found Ephomy's Assorted Antiques.
  4722 | D:4      | Bought a ruby potion for 22 gold pieces
  4722 | D:4      | Bought a bubbling red potion for 22 gold pieces
  4722 | D:4      | Bought a metallic brown potion for 22 gold pieces
  4722 | D:4      | Bought a scroll labeled LER ZAAKOCIRA for 25 gold pieces
  4780 | D:4      | Found Iwipt's Gadget Shop.
  4866 | D:4      | Noticed a phantom
  5064 | D:4      | Slain by a phantom

Illustrated notes

Levels and vault maps discovered:
D:1:      dpeg_arrival_round_c, layout_basic, amethyst_killhole
D:2:      layout_basic, minmay_misc_feat_rows, tso_metal_star,
          uniq_crazy_yiuf_cottage
D:3:      layout_loops_ring, gammafunk_ghost_arena, minmay_crystal_room,
          kennysheep_generic_room_15
D:4:      layout_cave_pods, serial_shops, shop_statue, shop,
          nicolae_shop_crystal, shop, shop_statue

Skill      XL: |  1  2  3  4  5 |
---------------+----------------+-----
Transmutations | 2 3 |  3.8
Unarmed Combat | 4 |  4.6
Poison Magic   | 1 |  1.2
Fighting       | |  1.0
Dodging        | |  2.1
Spellcasting   | |  2.0

Action                   |  1- 3 |  4- 6 || total
-------------------------+-------+-------++-------
Melee: Unarmed           |    55 |   136 ||   191
       Kick              |    11 |    29 ||    40
       Peck              |     7 |    12 ||    19
       Headbutt          |     2 |    13 ||    15
       Punch             |       |     1 ||     1
 Cast: Beastly Appendage |    11 |    25 ||    36
       Spider Form       |     1 |     2 ||     3
 Abil: Fly               |       |     1 ||     1
  Use: Scroll            |       |     5 ||     5
       Potion            |       |     6 ||     6
 Stab: Sleeping          |       |     1 ||     1
Armor: Robe              |    11 |    25 ||    36
Dodge: Dodged            |    31 |   101 ||   132

Table legend: (Time is in decaauts)
 A = Elapsed time spent in this place.
 B = Non-inter-level travel time spent in this place.
 C = Inter-level travel time spent in this place.
 D = Time resting spent in this place.
 E = Time spent auto-exploring this place.
 F = Levels seen in this place.
 G = Mean time per level.
                   A        B        C        D        E       F      G
               +--------+--------+--------+--------+--------+-----+--------+
         Total |   4904 |   4649 |    255 |    475 |   3667 |   4 | 1226.0 |
       Dungeon |   4904 |   4649 |    255 |    475 |   3667 |   4 | 1226.0 |
               +--------+--------+--------+--------+--------+-----+--------+

Top non-repeatable levels by time:
     D:1: 1846 daAuts
     D:2: 1716 daAuts
     D:3: 921 daAuts
     D:4: 419 daAuts
